cohdb
Replays
Latest Replays
All Replays
Popular Replays
Top Player Replays
Match Explorer
How It Works
Community
CoH3 Stats
Reddit
Sign in to upload your games and track your stats! →
Sign in with Steam
Match 44523044
Unlisted
Match 44523044
Overview
Messages
Build Orders
End
Kradschützen Motorcycle Team
Selects Panzerjäger Kommand Battlegroup
Panzergrenadier Squad
Panzergrenadier Squad
Panzergrenadier Squad
Construct Light Support Kompanie
2.5-tonne Medical Truck
Selects Tank Busters
Fire Support Elements
Flakvierling Half-track
Selects Blockade Equipment
Selects Crew Shock Tactics
Construct Panzerarmee Kommand
Panzerjäger Squad
Walking Stuka Rocket Launcher
Cum Dispenser
Kenneth HU
琵琵琶琶
GodEr
Serial Chiller
火龙果
刘亦菲绯闻男友
cfsun0419
0
0
Comments
sign in to comment!
No comments posted yet!